 Dungeon Crawl Stone Soup version 0.28.0-49-g6dfe1f597d (console) character file.

Game seed: 7212581413748859763

74 Faeu the Chopper (level 4, 0/40 HPs)
             Began as a Minotaur Berserker on May 16, 2022.
             Was a Believer of Trog.
             Slain by Robin
             ... wielding a +0 dagger
              (2 damage)
             ... on level 2 of the Dungeon.
             The game lasted 00:01:10 (1638 turns).

Faeu the Chopper (Minotaur Berserker)               Turns: 1638, Time: 00:01:11

Health: 0/40       AC:  2    Str: 23    XL:     4   Next: 10%
Magic:  3/3        EV: 12    Int:  4    God:    Trog [**....]
Gold:   102        SH:  0    Dex: 10    Spells: 3/3 levels left

rFire   . . .      SeeInvis .   a - +0 hand axe {axe}
rCold   . . .      Faith    .   (no shield)
rNeg    . . .      Spirit   .   b - +0 animal skin
rPois   .          Reflect  .   (helmet restricted)
rElec   .          Harm     .   (no cloak)
rCorr   .          Rampage  .   (no gloves)
Will    .....                   (no boots)
Stlth   +.........              (no amulet)
HPRegen 0.13/turn               (no ring)
MPRegen 0.08/turn               (no ring)

@: on berserk cooldown, slowed, very slow
A: horns 2, retaliatory headbutt
a: Renounce Religion, Berserk, Trog's Hand


You were on level 2 of the Dungeon.
You worshipped Trog.
Trog was pleased with you.
You visited 1 branch of the dungeon, and saw 2 of its levels.

You collected 102 gold pieces.


Innate Abilities, Weirdness & Mutations

You have a pair of horns on your head.
You reflexively headbutt those who attack you in melee.


   Skills:
 + Level 4.3 Fighting
 + Level 4.4 Axes
 + Level 3.4 Armour
 + Level 3.0 Dodging


You had 3 spell levels left.
You didn't know any spells.
Your spell library contained the following spells:

 Spells                   Type           Power      Damage    Failure   Level
 Pain                     Necr           0%         1d4       50%         1
 Agony                    Necr           0%         N/A       100%        5
 Excruciating Wounds      Necr           0%         N/A       100%        5

Inventory:

Hand Weapons
 a - a +0 hand axe (weapon) {axe}
 c - a +0 dagger of speed {short}
   (You took it off a kobold on level 1 of the Dungeon)
Armour
 b - a +0 animal skin (worn)
Scrolls
 e - a scroll of acquirement {unknown}
 f - a scroll of identify {unknown}
Potions
 d - a potion of heal wounds {unknown}
 g - a potion of ambrosia {unknown}

Dungeon Overview and Level Annotations

Branches:
Dungeon (2/15)

Altars:

Annotations:
D:2 Robin

.......#....#.#.########+##
.....###..#.#.#..........
.........#.#.#..........
#+####.###.##.#.#..........
#.............#.#..........
#######.##.####.#...<......
#..#)# #.......... ##.#)#
#..........
#.#)####'###########
#####.g........
........@.......
#####...g.......
#.#..####... ...#..# ##
#.#####.# # #.# .>. #..


You could see Robin and a goblin (strong).


Message History

You closely miss the goblin. The goblin hits you but does no damage.
Robin roars a battlecry!
The goblins go into a battle-frenzy!
You hit the goblin. Your headbutt misses the goblin. You miss the goblin.
The goblin hits you with a +0 club. The goblin misses you. 😕 HP[-6]
You take 6 damage, and now have 26/33 hp.
You hit the goblin.
You kill the goblin!
Trog accepts your kill.
You hit the goblin but do no damage. The goblin barely misses you.
Robin throws the goblin at you! The goblin barely misses you. 😮 HP[-2]
You take 2 damage, and now have 24/33 hp.
You closely miss the goblin. Your headbutt misses the goblin.
You barely miss the goblin. The goblin hits you with a +0 dagger.
The goblin completely misses you. 😮 HP[-4]
You take 4 damage, and now have 20/33 hp.
You closely miss the goblin. Your headbutt misses the goblin.
You completely miss the goblin. The goblin closely misses you. x2
You barely miss the goblin. You hit the goblin.
You kill the goblin!
Trog accepts your kill. The goblin barely misses you.
You slash the goblin!
You kill the goblin!
Trog accepts your kill.
You hit the goblin.
You kill the goblin!
Trog accepts your kill. The adder bites you. 😮 HP[-2]
You take 2 damage, and now have 18/33 hp.
You closely miss the adder. The adder barely misses you.
You slash the adder! Your headbutt misses the adder.
The adder closely misses you.
A red film seems to cover your vision as you go berserk!
You feel yourself moving faster!
You feel mighty! The adder bites you.
* * * LOW HITPOINT WARNING * * *
The adder completely misses you. 😨 HP[+5]
You now have 49 max hp (+16).
You regained 5 hp, and now have 23/49 hp.
You barely miss the adder. You headbutt the adder.
You kill the adder!
Trog accepts your kill.
Your Dodging skill increases to level 3!
You have reached level 4!
You feel agile. 😨 HP[+6] MP[+1]
You now have 60 max hp (+11).
You regained 6 hp, and now have 29/60 hp.
Your mp is fully restored (3).
You hit the goblin.
You kill the goblin!
Trog accepts your kill.
You hit the hobgoblin.
You kill the hobgoblin!
Trog accepts your kill.
You hit the hobgoblin. You headbutt the hobgoblin.
You kill the hobgoblin!
Trog accepts your kill.
The goblin no longer looks unusually strong.
Robin throws the goblin at you! The goblin hits you but does no damage.
Robin roars a battlecry!
The goblin goes into a battle-frenzy!
Items here: )))) ††††.
You feel a strong urge to attack something. 😨 HP[+1]
You are no longer berserk.
You are exhausted.
You feel yourself slow down. Robin hits you with a +0 dagger.
* * * LOW HITPOINT WARNING * * *
😨 HP[-12]
You now have 40 max hp (-20).
You barely miss Robin. Robin throws the goblin at you!
* * * LOW HITPOINT WARNING * * *
The goblin barely misses you. Robin misses you. You furiously retaliate!
You headbutt Robin. 😨 HP[-1]
You take 1 damage, and now have 17/40 hp.
You barely miss Robin. You closely miss the goblin.
The goblin hits you with a +0 dagger of protection.
* * * LOW HITPOINT WARNING * * *
Robin hits you with a +0 dagger.
* * * LOW HITPOINT WARNING * * *
The goblin hits you with a +0 dagger of protection.
* * * LOW HITPOINT WARNING * * *
😱 HP[-9]
You take 9 damage, and now have 8/40 hp.
MASSIVE DAMAGE!! (PAUSE)
You barely miss Robin. Your punch misses Robin.
You hit the goblin but do no damage. Robin hits you with a +0 dagger.
* * * LOW HITPOINT WARNING * * *
The goblin hits you with a +0 dagger of protection.
* * * LOW HITPOINT WARNING * * *
Robin hits you with a +0 dagger.
You die...

Skill      XL: |  1  2  3 |
---------------+----------+-----
Fighting       | 4 |  4.3
Axes           | 4 |  4.4
Armour         | 3 |  3.4
Dodging        | 3 |  3.0

Action                   |  1- 3 |  4- 6 || total
-------------------------+-------+-------++-------
Melee: Hand axe          |    89 |     6 ||    95
       Headbutt          |    13 |     1 ||    14
       Punch             |     1 |       ||     1
Invok: Berserk           |     1 |       ||     1
 Stab: Sleeping          |     3 |       ||     3
Armor: Animal skin       |    15 |     1 ||    16
Dodge: Dodged            |    60 |     2 ||    62

Levels and vault maps discovered:
D:1:      dpeg_arrival_chambers_temple_mockup, layout_basic
D:2:      layout_basic, minmay_distorted, uniq_jessica, uniq_robin

Notes
Turn   | Place    | Note
-------+----------+-------------------------------------------
     0 | D:1      | Faeu the Minotaur Berserker began the quest for the Orb.
     0 | D:1      | Reached XP level 1. HP: 19/19 MP: 0/0
     0 | D:1      | magus.rc [v1.9.6]
   477 | D:1      | Reached XP level 2. HP: 19/27 MP: 1/1
   724 | D:1      | Reached skill level 4 in Fighting
   724 | D:1      | Reached skill level 4 in Axes
   852 | D:1      | Reached skill level 3 in Armour
   856 | D:1      | Reached XP level 3. HP: 12/33 MP: 2/2
  1151 | D:1      | Reached ** piety under Trog
  1483 | D:2      | You pick up a book of Pain {forbidden} and begin reading...
  1483 | D:2      | You add the spells Pain, Agony and Excruciating Wounds to
                  | your library.
  1608 | D:2      | Noticed Robin
  1630 | D:2      | Reached skill level 3 in Dodging
  1630 | D:2      | Reached XP level 4. HP: 29/40 MP: 3/3
  1637 | D:2      | HP: 9/40 [Robin/+0 dagger (2)]
  1638 | D:2      | HP: 2/40 [goblin/+0 dagger of protection[Robin] (4)]
  1638 | D:2      | Slain by Robin

Vanquished Creatures
  An adder (D:2)
  A worm (D:2)
  6 dart slugs (D:1)
  A bat (D:1)
  4 endoplasms
  A giant cockroach (D:1)
  7 hobgoblins
  2 jackals (D:1)
  5 ball pythons
  A frilled lizard (D:1)
  11 goblins
  3 kobolds
  3 rats
46 creatures vanquished.

Table legend:
 A = Non-vault XP
 B = Vault XP
 C = Vault XP percentage of total XP
 D = Non-vault monster count
 E = Vault monster count
 F = Vault count percentage of total count
                 A         B        C        D         E       F
            +---------+---------+-------+---------+---------+-------
      Total |      86 |      21 |  19.6 |      35 |      11 |  23.9
            +---------+---------+-------+---------+---------+-------
        D:1 |      53 |       0 |   0.0 |      25 |       0 |   0.0
        D:2 |      33 |      21 |  38.9 |      10 |      11 |  52.4
            +---------+---------+-------+---------+---------+-------

Illustrated notes

Table legend:
 A = Kills in this place as a percentage of kills in entire the game.
 B = Kills by you in this place as a percentage of kills by you in the entire game.
 C = Kills by friends in this place as a percentage of kills by friends in the entire game.
 D = Other kills in this place as a percentage of other kills in the entire game.
 E = Experience gained in this place as a percentage of experience gained in the entire game.
 F = Experience gained in this place divided by the number of levels of this place that you have seen.
                   A       B       C       D       E      F
               +-------+-------+-------+-------+-------+----------------------
         Total | 100.0 | 100.0 |   N/A |   N/A | 100.0 |  53.5
       Dungeon | 100.0 | 100.0 |   N/A |   N/A | 100.0 |  53.5
               +-------+-------+-------+-------+-------+----------------------

Table legend: (Time is in decaauts)
 A = Elapsed time spent in this place.
 B = Non-inter-level travel time spent in this place.
 C = Inter-level travel time spent in this place.
 D = Time resting spent in this place.
 E = Time spent auto-exploring this place.
 F = Levels seen in this place.
 G = Mean time per level.
                   A        B        C        D        E       F      G
               +--------+--------+--------+--------+--------+-----+--------+
         Total |   1645 |   1631 |     14 |      0 |   1404 |   2 |  822.5 |
       Dungeon |   1645 |   1631 |     14 |      0 |   1404 |   2 |  822.5 |
               +--------+--------+--------+--------+--------+-----+--------+

Top non-repeatable levels by time:
     D:1: 1193 daAuts
     D:2: 452 daAuts
